 Dungeon Crawl Stone Soup version 0.19.0-19-g8c6edcc (webtiles) character file.

9 mopl the Vexing (level 2, -3/11 HPs)
             Began as a Felid Enchanter on Nov 14, 2016.
             Shot with a stone by a goblin (6 damage)
             ... on level 2 of the Dungeon.
             The game lasted 00:01:01 (230 turns).

mopl the Vexing (Felid Enchanter)                    Turns: 230, Time: 00:01:02

Health: -3/11      AC:  1    Str:  9    XL:     2   Next: 3%
Magic:  0/6        EV: 18    Int: 16    God:
Gold:   26         SH:  0    Dex: 16    Spells: 2 memorised, 2 levels left
                                        Lives:  0   Deaths: 0

rFire  . . .     SeeInvis +       - Unarmed
rCold  . . .     Gourm    .     (armour unavailable)
rNeg   . . .     Faith    .     (shield unavailable)
rPois  .         Spirit   .     (helmet unavailable)
rElec  .         Reflect  .     (cloak unavailable)
rCorr  .         Harm     .     (gloves unavailable)
MR     .....                    (boots unavailable)
Stlth  +++.......               (no amulet)
                                (no ring)
                                f - +5 ring of strength

@: quick
A: no armour, no weapons or thrown items, stealth, claws 1, fangs 3, see
invisible, carnivore 3, speed 1, shaggy fur 1, slow metabolism 1, sharp paws
a: no special abilities


You were on level 2 of the Dungeon.
You were full.

You visited 1 branch of the dungeon, and saw 2 of its levels.

You collected 26 gold pieces.

Inventory:

Jewellery
 f - a +5 ring of strength (left paw)
Potions
 d - a potion of flight {unknown}
 e - a potion of cure mutation {unknown}
Books
 a - a book of Maledictions

   Spells                             Type                      Level
   a - Corona                         Hexes                        1
   b - Ensorcelled Hibernation        Hexes/Ice                    2
   c - Confuse                        Hexes                        3
   d - Tukima's Dance                 Hexes                        3
   e - Dazzling Spray                 Conjuration/Hexes            3
Comestibles
 b - a meat ration
 c - a beef jerky


   Skills:
 - Level 2.6 Dodging
 * Level 4.4 Stealth
 + Level 1.5 Unarmed Combat
 - Level 2.0 Spellcasting
 * Level 4.5 Hexes
 + Level 0.0 Ice Magic


You had 2 spell levels left.
You knew the following spells:

 Your Spells              Type           Power        Failure   Level  Hunger
a - Corona                Hex            ###....      3%          1    #......
b - Ensorcelled Hibernat  Hex/Ice        #.....       14%         2    ###....


Dungeon Overview and Level Annotations

Branches:
Dungeon (2/15)

Altars:


Innate Abilities, Weirdness & Mutations

You cannot wear armour.
You are incapable of wielding weapons or throwing items.
Your paws allow you to move quietly. (Stealth)
You have sharp claws.
You have razor-sharp teeth.
You have supernaturally acute eyesight. (SInv)
You are carnivorous and can eat meat at any time.
You cover ground quickly.
You are covered in fur. (AC +1)
You have a slow metabolism.
Your sharp claws are effective at attacking unaware monsters.


Message History

Casting: Ensorcelled Hibernation
Confirm with . or Enter, or press ? or * to list all spells.
Aiming: Ensorcelled Hibernation
Press: ? - help, Shift-Dir - straight line, f/p - hobgoblin
Aim: a hobgoblin, wielding a club (heavily wounded, chance to defeat MR: 57%)
The hobgoblin looks drowsy...
You pounce on the unaware helpless hobgoblin!
You mangle the hobgoblin!!
You kill the hobgoblin!
Things that are here:
a club; a hobgoblin corpse
Casting: Ensorcelled Hibernation
Confirm with . or Enter, or press ? or * to list all spells.
Aiming: Ensorcelled Hibernation
Press: ? - help, Shift-Dir - straight line, f - goblin
Aim: a goblin, wielding a hunting sling (chance to defeat MR: 57%)
The goblin resists with significant effort.
The goblin shoots a stone.
The stone hits you.
Ouch! That really hurt!
You die...

##...(g...g.....#
....##.###.##...?#
.. +............#
##.###.##....#
#............#
#.......(....#
#.#####.#)...#
#(..g........#
#######@.....#
#......#.....#
.....#.#........
.... #.#....####
... #........ ..
.......#.# .
......># #
#......# #......#


You could see a goblin.

Vanquished Creatures
  A dart slug (D:1)
  A bat (D:1)
  2 hobgoblins
  A frilled lizard (D:1)
  A kobold (D:1)
  2 rats (D:1)
8 creatures vanquished.

Notes
Turn   | Place    | Note
-------+----------+-------------------------------------------
     0 | D:1      | mopl the Felid Enchanter began the quest for the Orb.
     0 | D:1      | Reached XP level 1. HP: 7/7 MP: 4/4
   155 | D:1      | Reached XP level 2. HP: 5/11 MP: 4/6
   169 | D:1      | Learned a level 2 spell: Ensorcelled Hibernation
   230 | D:2      | Shot with a stone by a goblin

Action                   || total
-------------------------++-------
Melee: Unarmed           ||    19
       Bite              ||     1
 Cast: Corona            ||     1
       Ensorcelled Hiber ||     4
 Stab: Sleeping          ||     5
  Eat: Chunk             ||     3
Armor: Skin              ||     1
Dodge: Dodged            ||    11
